 Dungeon Crawl Stone Soup version 0.31-a0-543-geaa9c7a2c0 (webtiles) character file.

Game seed: 10775672336796155384

163 AdnanSaban the Covered (level 5, -5/33 HPs)
             Began as a Gargoyle Fighter on Aug 15, 2023.
             Slain by an iguana (8 damage)
             ... on level 3 of the Dungeon.
             The game lasted 00:01:59 (3218 turns).

AdnanSaban the Covered (Gargoyle Fighter)           Turns: 3218, Time: 00:02:00

Health: -5/33      AC: 12    Str: 21    XL:     5   Next: 44%
Magic:  5/5        EV:  9    Int:  9    God:
Gold:   226        SH:  4    Dex:  9    Spells: 4/4 levels left

rFire   . . .        u - +4 whip
rCold   . . .        c - +0 buckler
rNeg    + . .        b - +0 scale mail
rPois   ∞            (no helmet)
rElec   +            (no cloak)
rCorr   .            l - +0 pair of gloves
SInv    .            (no boots)
Will    .....        (no amulet) Stlth
                     (no ring)
HPRegen 0.25/turn    (no ring)
MPRegen 0.09/turn

%: no passive effects
@: no status effects
A: sickness immunity, AC +4, negative energy resistance 1, electricity
resistance, torment resistance 1, petrification resistance
a: no special abilities


You were on level 3 of the Dungeon.
You visited 1 branch of the dungeon, and saw 4 of its levels.

You collected 226 gold pieces.

Inventory:

Hand Weapons
 u - a +4 whip (weapon)
Missiles
 e - 10 poisoned darts
Armour
 b - a +0 scale mail (worn)
 c - a +0 buckler (worn)
 l - a +0 pair of gloves (worn)
Scrolls
 f - 2 scrolls of teleportation {unknown}
 g - a scroll of revelation {unknown}
 j - 2 scrolls of identify {unknown}
 o - a scroll of blinking {unknown}
 p - 2 scrolls of noise {unknown}
 r - a scroll of enchant weapon {unknown}
 s - a scroll of enchant armour {unknown}
Potions
 d - a potion of might
 h - 2 potions of haste {unknown}
 i - a potion of heal wounds {unknown}
 k - 2 potions of curing {unknown}
 m - a potion of mutation {unknown}
 n - a potion of degeneration {unknown}
 q - a potion of cancellation {unknown}
 t - a potion of resistance {unknown}


   Skills:
 + Level 3.8 Fighting
 + Level 3.9 Maces & Flails
 + Level 4.1 Armour
 + Level 0.7 Dodging
 + Level 4.0 Shields


You had 4 spell levels left.
You didn't know any spells.
Your spell library was empty.

Dungeon Overview and Level Annotations

Branches:
Dungeon (4/15)
 Temple: D:4-7

Altars:
Yredelemnul


Innate Abilities, Weirdness & Mutations

You are immune to sickness and miasma.
Your stone body is resilient. (AC +4)
You are immune to poison.
You resist negative energy. (rN+)
You are resistant to electric shocks. (rElec)
You are resistant to unholy torment.
You are immune to petrification.


Message History

You are too injured to fight recklessly!
You whack the scorpion!
You kill the scorpion!
The iguana bites you.
* * * LOW HITPOINT WARNING * * *
Your Armour skill increases to level 4!
Your Shields skill increases to level 4!
You have reached level 5!
You block the iguana's attack.
You climb upwards.
There is a stone staircase leading down here.
You closely miss the iguana. The iguana bites you.
* * * LOW HITPOINT WARNING * * *
You barely miss the iguana. The iguana closely misses you.
You hit the iguana but do no damage. The iguana closely misses you.
You closely miss the iguana. The iguana bites you.
* * * LOW HITPOINT WARNING * * *
You closely miss the iguana. The iguana barely misses you.
You hit the iguana.
The iguana is moderately wounded.
You block the iguana's attack.
You closely miss the iguana.
The iguana is moderately wounded.
You block the iguana's attack.
You barely miss the iguana.
The iguana is moderately wounded.
You block the iguana's attack.
You completely miss the iguana.
The iguana is moderately wounded.
The iguana bites you but does no damage.
You hit the iguana.
The iguana is heavily wounded.
The iguana bites you but does no damage.
You hit the iguana but do no damage.
The iguana is heavily wounded.
You block the iguana's attack.
You barely miss the iguana.
The iguana is heavily wounded.
The iguana bites you!
You die...

#################
#.........)@l...#
#.###.#########.# ####### #
######.###.###.......# #.....###
...........#........)# ##.....##^
#.#..8...8...8.......###.......'^
##.#...#...#..................##.
#.##.###.###........####.....###
##.....#...#..................###
#....8...8...8........###)##...##


You could see an iguana.

Vanquished Creatures
  A scorpion (D:4)
  4 adders
  A worm (D:3)
  5 orcs (D:3)
  6 ball pythons
  4 bats
  An endoplasm (D:3)
  2 giant cockroaches (D:3)
  2 goblins
  7 hobgoblins
  5 quokkas
  5 frilled lizards
  7 kobolds
  4 rats
  A spectral orc (D:3)
55 creatures vanquished.

Notes
Turn   | Place    | Note
-------+----------+-------------------------------------------
     0 | D:1      | AdnanSaban the Gargoyle Fighter began the quest for the
                  | Orb.
     0 | D:1      | Reached XP level 1. HP: 14/14 MP: 1/1
   140 | D:1      | Reached XP level 2. HP: 19/19 MP: 2/2
   375 | D:1      | Found a faded altar of an unknown god.
  1286 | D:2      | Reached XP level 3. HP: 21/23 MP: 3/3
  2120 | D:3      | Reached XP level 4. HP: 29/29 MP: 4/4
  2625 | D:3      | Found a basalt altar of Yredelemnul.
  3119 | D:4      | Noticed a scorpion
  3204 | D:4      | Killed a scorpion
  3205 | D:4      | Reached XP level 5. HP: 7/33 MP: 5/5
  3210 | D:3      | HP: 1/33 [iguana (2)]
  3218 | D:3      | Slain by an iguana

Illustrated notes

Levels and vault maps discovered:
D:1:      sevenhm_arrival_forest_fort_small_5, layout_basic,
          ebering_ecumenical_altar_hall
D:2:      minmay_kobold_bridge, layout_basic, hex_intersection
D:3:      layout_loops_ring, yredelemnul_forgotten_temple_becter,
          amcnicky_mini_corridor_feature, minmay_misc_feat_four_crosses,
          nrook_mini_vaults, minmay_misc_feat_enclosed, kennysheep_flooded_box,
          wander_ebering_terrifying_dragon_lair
D:4:      layout_cave_pools, lemuel_tele_altar,
          minmay_temple_entry_glassed_door, nicolae_houndstooth_variations

Skill      XL: |  1  2  3  4 |
---------------+-------------+-----
Maces & Flails | 3 |  3.9
Armour         | 4 |  4.1
Shields        | 4 |  4.0
Fighting       | |  3.8
Dodging        | |  0.7

Action                     |  1- 3 |  4- 6 || total
---------------------------+-------+-------++-------
  Melee: Flail             |   105 |   123 ||   228
         Whip              |       |    21 ||    21
 Armour: Scale mail        |    80 |    67 ||   147
  Dodge: Dodged            |    58 |    66 ||   124
  Block: Buckler           |    22 |    38 ||    60

Table legend: (Time is in decaauts)
 A = Elapsed time spent in this place.
 B = Non-inter-level travel time spent in this place.
 C = Inter-level travel time spent in this place.
 D = Time resting spent in this place.
 E = Time spent auto-exploring this place.
 F = Levels seen in this place.
 G = Mean time per level.
                   A        B        C        D        E       F      G
               +--------+--------+--------+--------+--------+-----+--------+
         Total |   3285 |   3196 |     89 |     35 |   2636 |   4 |  821.2 |
       Dungeon |   3285 |   3196 |     89 |     35 |   2636 |   4 |  821.2 |
               +--------+--------+--------+--------+--------+-----+--------+

Top non-repeatable levels by time:
     D:3: 1114 daAuts
     D:2: 1096 daAuts
     D:1: 1054 daAuts
     D:4: 19 daAuts
